Map: Bel'Shir Vestige LE (Void)

Players

Musumeci

  • Race: Zerg Zerg
  • League: Diamond
  • Spawn Location: 5:00

Imperator - Winner!

  • Race: Zerg Zerg
  • League: Diamond
  • Spawn Location: 11:00

VOD

Have the link to the VOD?

Description

Time

  • Played on: March 8, 2017, 12:39 p.m.
  • Length: 14:06
Show
View Real Time Build Order
Export as new Build Order

Musumeci Zerg 

Build Orders: Pool First 

Get SALT Encoding   

  12  0:01  Drone  
  13  0:08  Drone  
  14  0:15  Drone, Extractor  
  15  0:21  Overlord  
  15  0:40  Drone x2  
  17  0:56  Spawning Pool  
  16  1:06  Extractor  
  15  1:12  Hatchery  
  15  1:16  Drone  
  15  1:17  Drone  
  16  1:19  Drone  
  17  1:33  Drone  
  17  1:38  Drone  
  19  1:43  Queen  
  21  1:51  Drone  
  22  1:59  Overlord  
  22  2:16  Metabolic Boost  
  22  2:18  Zergling x2  
  22  2:19  Queen  
  25  2:24  Zergling x4  
  27  2:32  Zergling x2  
  28  2:44  Baneling Nest  
  28  2:45  Zergling x4  
  28  2:47  Overlord  
  29  2:59  Overlord  
  29  3:10  Zergling x10  
  34  3:18  Evolution Chamber  
  34  3:30  Baneling x3  
  34  3:32  Zergling x12  
  38  3:39  Overlord  
  35  4:43  Queen  
  33  4:46  Zergling x18  
  41  4:55  Drone x2  
  41  4:59  Zerg Ground Armor Level 1  
  40  5:28  Queen  
  40  5:33  Zergling x2  
  40  5:34  Zergling x12  
  46  5:52  Baneling x6  
  46  5:53  Baneling x6  
  46  5:57  Baneling  
  32  6:35  Zergling x10  
  32  6:36  Zergling x16  
  34  6:57  Zergling x10  
  38  7:02  Drone  
  36  7:28  Zergling x4  
  36  7:29  Drone, Zergling x2  
  38  7:30  Drone x2  
  40  7:44  Drone  
  40  7:45  Drone x4  
  40  7:50  Extractor x3  
  42  7:52  Lair  
  42  8:12  Drone x5  
  47  8:13  Drone  
  47  8:19  Drone x2  
  49  8:35  Drone  
  49  8:36  Drone x2  
  52  9:02  Baneling x2  
  52  9:08  Baneling x2  
  41  9:43  Drone x2  
  42  9:54  Zergling x18, Spire  
  48  10:05  Zergling x2  
  49  10:13  Baneling x2  
  49  10:15  Baneling  
  48  10:34  Zergling x16  
  49  10:49  Baneling x3  
  49  10:50  Zergling x6  
  51  11:09  Mutalisk  
  52  11:12  Overlord  
  52  11:13  Overlord x4  
  50  11:37  Mutalisk x11  
  70  11:45  Queen  
  65  11:54  Zergling x4  
  65  11:55  Zergling x6  
  57  12:10  Queen  
  53  12:37  Zergling x20  
  53  12:38  Zergling x4  
  63  12:45  Queen  
  40  13:26  Queen  
  37  13:30  Baneling x2  
  34  13:43  Zergling x2  
  34  13:44  Zergling x2  
Show
View Real Time Build Order
Export as new Build Order

Imperator Zerg - Winner!

Build Orders: Pool First, Zergling Baneling 

Get SALT Encoding   

  12  0:01  Drone  
  13  0:10  Drone  
  14  0:18  Overlord  
  14  0:24  Extractor  
  14  0:25  Drone  
  14  0:37  Drone x2  
  16  0:49  Spawning Pool  
  15  0:52  Drone  
  16  0:57  Drone  
  17  1:05  Drone  
  18  1:35  Hatchery  
  18  1:38  Metabolic Boost  
  17  1:43  Queen  
  19  1:48  Zergling x2  
  19  1:52  Zergling x2  
  21  1:55  Zergling x2  
  22  2:06  Overlord  
  22  2:24  Queen  
  22  2:26  Zergling x4  
  26  2:41  Drone, Baneling Nest  
  26  2:49  Zergling x4  
  28  2:56  Drone  
  28  2:57  Drone x2  
  31  3:02  Overlord  
  31  3:04  Drone  
  32  3:09  Drone  
  32  3:10  Drone  
  34  3:24  Zergling x8  
  37  3:31  Zergling x2  
  37  3:32  Zergling x2  
  39  3:34  Baneling x2  
  39  3:39  Drone x3  
  39  3:40  Spine Crawler  
  41  3:44  Baneling  
  41  3:50  Drone  
  41  3:51  Drone x2  
  44  3:59  Baneling  
  43  4:17  Overlord  
  42  4:32  Zergling x2  
  42  4:33  Baneling x2  
  42  4:34  Overlord  
  42  4:37  Zergling x6  
  42  4:38  Roach Warren  
  45  4:41  Zergling x6  
  46  4:58  Baneling x2  
  43  5:00  Spine Crawler  
  43  5:02  Baneling x2  
  43  5:03  Zergling x8  
  46  5:10  Drone x4, Evolution Chamber  
  49  5:14  Extractor  
  49  5:21  Baneling  
  45  5:45  Zergling x8  
  45  5:46  Roach x3, Zergling x2  
  54  6:03  Zergling x8  
  54  6:04  Roach, Zergling x2  
  59  6:18  Roach  
  59  6:30  Baneling  
  56  6:39  Baneling x2  
  48  6:42  Drone x4  
  48  6:46  Extractor  
  52  6:47  Drone x3  
  52  6:48  Overlord x2, Extractor  
  52  6:50  Hatchery  
  49  6:57  Drone x3  
  51  7:05  Roach x2  
  55  7:13  Roach x4  
  61  7:30  Zerg Melee Weapons Level 1  
  61  7:31  Zergling x8  
  61  7:34  Queen  
  61  7:35  Overlord  
  68  7:44  Zergling x8  
  68  7:45  Evolution Chamber  
  70  7:57  Drone x3  
  73  7:58  Lair  
  73  7:59  Drone  
  72  8:10  Baneling x2  
  72  8:15  Zerg Ground Armor Level 1  
  72  8:25  Zergling x20  
  77  8:27  Zergling x2  
  78  8:49  Drone x3  
  78  8:50  Zergling x14  
  78  8:51  Zergling x2  
  78  8:52  Hatchery  
  78  8:55  Baneling x3  
  88  9:01  Baneling  
  88  9:07  Spire  
  67  9:33  Zergling x26  
  67  9:34  Zergling x4  
  78  9:41  Zergling x6  
  81  9:47  Drone x2  
  79  9:58  Drone x3  
  81  10:12  Drone x2  
  81  10:13  Drone x4  
  81  10:45  Mutalisk x3  
  81  10:49  Baneling, Overlord x3  
  86  11:11  Mutalisk x2, Baneling x2  
  86  11:12  Mutalisk x7  
  86  11:15  Zergling x8  
  108  11:19  Spine Crawler  
  108  11:22  Zergling x4  
  107  11:36  Mutalisk  
  105  11:47  Zergling x2  
  105  11:48  Zergling x16  
  109  11:55  Mutalisk  
  109  12:00  Zergling x2, Overlord  
  112  12:03  Overlord  
  112  12:13  Overlord x3  
  111  12:28  Zergling x10  
  115  12:31  Baneling  
  115  12:32  Zergling x8  
  115  12:33  Zergling x8  
  115  12:35  Mutalisk x3  
  128  12:40  Zergling x8  
  131  12:44  Spine Crawler  
  128  12:56  Zergling x12  
  128  13:02  Mutalisk x2  
  128  13:08  Zergling x4  
  128  13:09  Baneling x2  
  128  13:14  Baneling x2  
  128  13:17  Zergling x4  
  128  13:18  Zergling x2  
  127  13:25  Mutalisk  
Tags
 
Add a new tag
Caveats
  • Supply blocks, unpowered buildings, or Contaminate may cause inaccurate times.
  • Supply counts are checked every 10 seconds.